 Dungeon Crawl Stone Soup version 0.25.1-2-g60ff931df9 (webtiles) character file.

Game seed: 3403744102134146373

25 Descartes the Shield-Bearer (level 3, 19/19 HPs)
             Began as a Vine Stalker Fighter on Aug 22, 2020.
             Got out of the dungeon alive.
             The game lasted 00:01:33 (524 turns).

Descartes the Shield-Bearer (Vine Stalker Fighter)   Turns: 524, Time: 00:01:34

Health: 19/19      AC:  6    Str: 18    XL:     3   Next: 6%
Magic:  4/4        EV:  7    Int:  9    God:
Gold:   39         SH:  9    Dex: 13    Spells: 2/2 levels left

rFire    . . .     SeeInvis .   a - +0 rapier
rCold    . . .     Gourm    .   c - +0 kite shield
rNeg     . . .     Faith    .   b - +0 scale mail
rPois    .         Spirit   +   (no helmet)
rElec    .         Reflect  .   (no cloak)
rCorr    .         Harm     .   (no gloves)
MR       .....                  (no boots)
Stlth    ..........             (no amulet)
HPRegen  0.06/turn              (no ring)
MPRegen  0.09/turn              (no ring)

@: no status effects
A: fangs 2, magic shield, antimagic bite, no potion heal 3, rot immunity
a: no special abilities


You escaped.
You were not hungry.

You visited 1 branch of the dungeon, and saw 2 of its levels.

You collected 39 gold pieces.

Inventory:

Hand Weapons
 a - a +0 rapier (weapon)
Missiles
 k - 23 arrows
 n - 45 stones (quivered)
 o - 4 boomerangs
Armour
 b - a +0 scale mail (worn)
 c - a +0 kite shield (worn)
Scrolls
 e - 3 scrolls of identify {unknown}
 g - a scroll of blinking {unknown}
 l - a scroll of immolation {unknown}
 m - 3 scrolls of teleportation {unknown}
 p - a scroll of random uselessness {unknown}
 q - a scroll of fog {unknown}
Potions
 d - a potion of might
 i - a potion of lignification {unknown}
 j - a potion of haste {unknown}
 r - a potion of degeneration {unknown}
Comestibles
 f - 2 rations
 h - 2 chunks of flesh


   Skills:
 - Level 2.6 Fighting
 + Level 2.1 Short Blades
 + Level 2.6 Armour
 + Level 1.3 Stealth
 * Level 3.1 Shields


You had 2 spell levels left.
You didn't know any spells.
Your spell library was empty.

Dungeon Overview and Level Annotations

Branches:
Dungeon (2/15)

Altars:


Innate Abilities, Weirdness & Mutations

You have extremely sharp teeth.
When hurt, damage is shared between your health and your magic reserves.
Your bite disrupts and absorbs the magic of your enemies.
Potions cannot restore your health.
You are immune to rotting.


Message History

The frilled lizard is heavily wounded.
The frilled lizard bites you but does no damage.
You puncture the frilled lizard!
You kill the frilled lizard!
No target in view!
You butcher the frilled lizard corpse.
h - 5 chunks of flesh (gained 1)
You see here a frilled lizard skeleton. x2
Magic restored.
There is a stone staircase leading up here.
You climb upwards.
There is a stone staircase leading down here.
There is an open door here.
There is a fountain of clear blue water here.
You see here a club.
Some of the chunks of flesh in your inventory have rotted away.
There is an open door here.
There is a staircase leading out of the dungeon here.
Are you sure you want to leave the Dungeon?
This will make you lose the game!
You have escaped!

......###....#######.......#####.
###..........#.....#..........#..
#.#.....>.##.8.8.#..^.......)..
#.##.#.####...8..#.........##..
#.##.#.###...8.8.#.......)..#.#
#.##.#.##....)...#........#....
#.##.#.#.⌠.⌠.###.#......)÷###..
#.##...#...[.#.'.#.....##...#.#
#.###..'..8..#@#.#.##.....#.#.#
#.)....#.....#.+.#.##.###...#.#
####...#.⌠.⌠.###.#.##.# ##....#
#...##........#.##.#####....
#....##...8.8.#.............
#.....##...8..#..#.#######.#
#.....###.8.8.#.....# ###...
#.......#.....#.#...###....#
#.......#######.##......##.#


There were no monsters in sight!

Vanquished Creatures
  A dart slug (D:1)
  A leopard gecko (D:1)
  6 bats (D:1)
  3 goblins (D:1)
  3 hobgoblins
  4 frilled lizards
  4 kobolds
  2 rats (D:1)
24 creatures vanquished.

Notes
Turn   | Place    | Note
-------+----------+-------------------------------------------
     0 | D:1      | Descartes the Vine Stalker Fighter began the quest for the
                  | Orb.
     0 | D:1      | Reached XP level 1. HP: 11/11 MP: 2/2
    77 | D:1      | Reached XP level 2. HP: 16/16 MP: 3/3
   139 | D:1      | Reached skill level 3 in Shields
   155 | D:1      | Reached skill level 1 in Stealth
   452 | D:2      | Reached XP level 3. HP: 19/19 MP: 2/4
   524 | D:$      | Got out of the dungeon alive.

Illustrated notes

Levels and vault maps discovered:
D:1:      ncdulo_halloftheorcs, layout_rooms
D:2:      layout_basic, cheibriados_altar_1, uniq_sigmund

Skill      XL: |  1  2 |
---------------+-------+-----
Short Blades   | 2 |  2.1
Shields        | 3 |  3.1
Stealth        | 1 |  1.3
Fighting       | |  2.6
Armour         | |  2.6

Action                   || total
-------------------------++-------
Melee: Rapier            ||    56
       Bite              ||     9
Armor: Scale mail        ||    31
Dodge: Dodged            ||    18
Block: Kite shield       ||    25
